 Dungeon Crawl Stone Soup version 0.21.0-3-g78d12a8 (webtiles) character file.

2328 Ignatius881 the Cleaver (level 9, -2/79 HPs)
             Began as a Minotaur Berserker on Jan 8, 2018.
             Was an Elder of Trog.
             Slain by an iguana (10 damage)
             ... on level 7 of the Dungeon.
             The game lasted 00:17:06 (6875 turns).

Ignatius881 the Cleaver (Minotaur Berserker)        Turns: 6875, Time: 00:17:06

Health: -2/79      AC:  9    Str: 24    XL:     9   Next: 19%
Magic:  8/8        EV: 13    Int:  4    God:    Trog [****..]
Gold:   418        SH:  3    Dex: 13    Spells: 8/8 levels left

rFire    . . .     SeeInvis .   a - +0 hand axe
rCold    . . .     Gourm    .   o - +0 buckler
rNeg     + . .     Faith    .   A - +0 scale mail
rPois    .         Spirit   .   (helmet restricted)
rElec    .         Reflect  .   (no cloak)
rCorr    .         Harm     .   h - +0 pair of gloves
MR       .....                  (no boots)
Stlth    ..........             (no amulet)
HPRegen  0.23/turn              d - ring of positive energy
MPRegen  0.11/turn              s - +2 ring of strength

@: lethally poisoned (-2 -> -8)
A: retaliatory headbutt, horns 2
a: Berserk, Trog's Hand, Brothers in Arms, Burn Spellbooks, Renounce Religion


You were on level 7 of the Dungeon.
You worshipped Trog.
Trog was greatly pleased with you.
You were not hungry.

You visited 2 branches of the dungeon, and saw 8 of its levels.

You collected 418 gold pieces.

Inventory:

Hand Weapons
 a - a +0 hand axe (weapon)
Missiles
 x - a throwing net (quivered) {!f}
Armour
 b - a +0 animal skin
 h - a +0 pair of gloves (worn)
   (You found it on level 1 of the Dungeon)
 j - a +0 ring mail
   (You found it on level 1 of the Dungeon)
 o - a +0 buckler (worn)
   (You found it on level 2 of the Dungeon)
 A - a +0 scale mail (worn)
   (You found it on level 6 of the Dungeon)
Jewellery
 d - a ring of positive energy (left hand)
   (You found it on level 1 of the Dungeon)
 l - an uncursed amulet of the gourmand {unknown}
   (You found it on level 5 of the Dungeon)
 s - a +2 ring of strength (right hand)
   (You found it on level 4 of the Dungeon)
 w - a +3 ring of strength
   (You found it on level 5 of the Dungeon)
 y - an uncursed amulet of harm
   (You found it on level 5 of the Dungeon)
 z - a cursed amulet of inaccuracy {unknown}
   (You found it on level 6 of the Dungeon)
Wands
 c - a wand of disintegration (10)
   (You took it off a goblin on level 3 of the Dungeon)
Scrolls
 i - 3 scrolls of teleportation {@r4}
 k - a scroll of magic mapping
 n - 2 scrolls of fear
 p - 5 scrolls of remove curse {unknown}
 q - 2 scrolls of enchant armour {unknown}
 u - a scroll of blinking
 v - a scroll of immolation {unknown}
Potions
 f - 4 potions of curing {unknown}
 g - 2 potions of agility {unknown}
 m - 3 potions of lignification {unknown}
 r - a potion of degeneration {unknown}
 t - 2 potions of magic {unknown}
Comestibles
 e - 12 rations
 B - 14 chunks of flesh


   Skills:
 + Level 7.5 Fighting
 * Level 10.0 Axes
 + Level 7.0 Armour
 + Level 6.3 Dodging


You had 8 spell levels left.
You didn't know any spells.

Dungeon Overview and Level Annotations

Branches:
Dungeon (7/15)             Temple (1/1) D:6

Altars:
Ashenzari
Cheibriados
Dithmenos
Fedhas
Hepliaklqana
Kikubaaqudgha
Makhleb
Nemelex Xobeh
Okawaru
Qazlal
Ru
Sif Muna
Trog
Uskayaw
Vehumet
Wu Jian
Xom
Yredelemnul
Zin
The Shining One


Innate Abilities, Weirdness & Mutations

You reflexively headbutt those who attack you in melee.
You have a pair of horns on your head.


Message History

You closely miss the hornet. Your headbutt misses the hornet.
You feel sick. The hornet misses you. You furiously retaliate!
You headbutt the hornet! The hornet stings you!
You are more poisoned.
You feel as though you will be slow longer.
You miss the hornet. You headbutt the hornet!
You feel very sick. The hornet misses you. You furiously retaliate!
You headbutt the hornet, but do no damage.
The hornet stings you!
* * * LOW HITPOINT WARNING * * *
You feel as though you will be slow longer.
You are too injured to fight recklessly!
You are too injured to fight recklessly!
You are too injured to fight recklessly!
You are too injured to fight recklessly!
Your scale mail prevents you from hitting the hornet.
You headbutt the hornet, but do no damage.
You feel sick. The hornet barely misses you. x2
You hit the hornet but do no damage. Your headbutt misses the hornet.
You feel sick. The hornet barely misses you. The hornet closely misses you.
You furiously retaliate!
You headbutt the hornet. You miss the hornet.
You feel sick. The hornet stings you.
* * * LOW HITPOINT WARNING * * *
You feel as though you will be slow longer.
You hit the hornet.
You kill the hornet!
Trog accepts your kill.
Your Armour skill increases to level 7!
You feel sick. The bullfrog misses you.
You barely miss the bullfrog.
You feel sick. The bullfrog closely misses you. The bullfrog hits you.
* * * LOW HITPOINT WARNING * * *
You hit the bullfrog.
You feel sick. The bullfrog hits you.
* * * LOW HITPOINT WARNING * * *
You closely miss the bullfrog. Your headbutt misses the bullfrog.
You feel sick. The bullfrog hits you.
* * * LOW HITPOINT WARNING * * *
The bullfrog barely misses you. You furiously retaliate!
You headbutt the bullfrog. You slash the bullfrog! You headbutt the bullfrog!
You kill the bullfrog!
Trog accepts your kill.
Your Axes skill increases to level 10!
* * * LOW HITPOINT WARNING * * *
You feel sick.
You slash the iguana!
You feel yourself speed up.
You feel sick. The iguana bites you!
You die...

. ################## ..
#.........#....... ...
#.........#...)... ...?
#.........#....... .....
#.........#.......
......#.........#.......
......l@................
..$...###......##..)....
##### ###..#...##..))...
#....#...##.......
#.##.#....######..
#######.##.##...# #.)
.......<...##...# #))
#########..##...# ###))
#...##...# #..).


You could see an iguana.

Vanquished Creatures
  A hornet (D:7)
  2 orc warriors
  An ice beast (D:3)
  A phantom (D:5)
  A sky beast (D:6)
  An ogre (D:5)
  A centaur (D:6)
  4 bullfrogs
  5 wights (D:6)
  A howler monkey (D:4)
  3 crimson imps
  A centaur zombie (D:7)
  A hound (D:4)
  A quasit (D:6)
  2 orc priests
  2 bullfrog skeletons
  5 worker ants
  An iguana (D:4)
  7 orc wizards
  A hound skeleton (D:4)
  A howler monkey zombie (D:6)
  A worker ant zombie (D:6)
  Robin (D:2)
  7 gnolls
  11 adders
  2 oozes
  An adder skeleton (D:7)
  An adder zombie (D:7)
  2 worms
  2 dart slugs (D:2)
  4 leopard geckos
  20 orcs
  4 giant cockroaches
  22 goblins
  11 hobgoblins (D:2)
  12 jackals
  5 quokkas
  2 ball pythons (D:2)
  A ball python skeleton (D:4)
  5 bats
  A frilled lizard (D:5)
  9 kobolds
  2 quokka skeletons
  A quokka zombie (D:7)
  4 rats
174 creatures vanquished.

Notes
Turn   | Place    | Note
-------+----------+-------------------------------------------
     0 | D:1      | Ignatius881 the Minotaur Berserker began the quest for the Orb.
     0 | D:1      | Reached XP level 1. HP: 19/19 MP: 0/0
   363 | D:1      | Found a sparkling altar of Nemelex Xobeh.
   560 | D:2      | Reached XP level 2. HP: 19/27 MP: 1/1
   673 | D:2      | Reached skill level 4 in Axes
   739 | D:2      | Reached XP level 3. HP: 26/33 MP: 2/2
   946 | D:2      | Reached ** piety under Trog
  1215 | D:2      | Found a glowing golden altar of the Shining One.
  1216 | D:2      | Found an ancient bone altar of Kikubaaqudgha.
  1286 | D:2      | Reached XP level 4. HP: 19/40 MP: 3/3
  1836 | D:3      | Noticed Robin
  1858 | D:2      | Killed Robin
  1971 | D:2      | Reached skill level 5 in Axes
  2238 | D:3      | Reached XP level 5. HP: 47/47 MP: 4/4
  2300 | D:3      | Found a sacrificial altar of Ru.
  2311 | D:3      | Noticed an ice beast
  2323 | D:3      | HP: 1/70 [ice beast (8)]
  2324 | D:3      | Killed an ice beast
  2689 | D:3      | Reached XP level 6. HP: 52/55 MP: 5/5
  2712 | D:3      | Reached skill level 6 in Axes
  2776 | D:3      | Reached skill level 5 in Fighting
  2802 | D:3      | Reached *** piety under Trog
  3750 | D:4      | You fall through a shaft!
  3750 | D:5      | Entered Level 5 of the Dungeon
  3750 | D:5      | Found a radiant altar of Vehumet.
  3759 | D:5      | Reached XP level 7. HP: 61/61 MP: 6/6
  3819 | D:4      | Found a deep blue altar of Sif Muna.
  4028 | D:4      | Reached skill level 7 in Axes
  4151 | D:4      | Reached skill level 5 in Armour
  4399 | D:5      | Found a shattered altar of Ashenzari.
  4618 | D:5      | Found a bloodstained altar of Trog.
  4705 | D:5      | Found a shimmering altar of Xom.
  4705 | D:5      | Noticed an angel
  4707 | D:5      | Found a glowing silver altar of Zin.
  4936 | D:6      | Found a staircase to the Ecumenical Temple.
  4955 | Temple   | Entered the Ecumenical Temple
  5057 | D:6      | Reached **** piety under Trog
  5170 | D:6      | Reached XP level 8. HP: 70/70 MP: 7/7
  5173 | D:6      | Reached skill level 8 in Axes
  5173 | D:6      | Reached skill level 5 in Dodging
  5249 | D:6      | Found a shattered altar of Ashenzari.
  5251 | D:6      | Found an ornate altar of the Wu Jian Council.
  5251 | D:6      | Found a hazy altar of Hepliaklqana.
  5272 | D:6      | Found a shimmering altar of Xom.
  5272 | D:6      | Found a shimmering altar of Xom.
  5272 | D:6      | Found an iron altar of Okawaru.
  5734 | D:6      | Reached skill level 9 in Axes
  6674 | D:7      | Reached XP level 9. HP: 79/79 MP: 8/8
  6874 | D:7      | Reached skill level 10 in Axes
  6875 | D:7      | Slain by an iguana

Skill      XL: |  1  2  3  4  5  6  7  8  9 |
---------------+----------------------------+-----
Axes           | 4 5 6 7 9 10 | 10.0
Fighting       | 4 5 6 7 |  7.5
Armour         | 3 4 5 6 7 |  7.0
Dodging        | 3 4 6 |  6.3

Action                   |  1- 3 |  4- 6 |  7- 9 || total
-------------------------+-------+-------+-------++-------
Melee: Hand axe          |    87 |   136 |   270 ||   493
       Headbutt          |    11 |    31 |    56 ||    98
Invok: Berserk           |       |     1 |     3 ||     4
       Trog's Hand       |       |       |     1 ||     1
  Use: Scroll            |       |     5 |     3 ||     8
  Eat: Chunk             |     1 |     9 |    13 ||    23
Armor: Ring mail         |    16 |    53 |    60 ||   129
       Scale mail        |       |       |    18 ||    18
Dodge: Dodged            |    53 |    81 |   126 ||   260
Block: Buckler           |       |    10 |    35 ||    45
